 Dungeon Crawl Stone Soup version 0.19.0-16-g73b5abf (webtiles) character file.

1363 Gargoyl the Agent of Entropy (level 8, -5/61 HPs)
             Began as a Demonspawn Abyssal Knight on Nov 10, 2016.
             Was a Priest of Lugonu.
             Slain by a river rat (7 damage)
             ... summoned by Eustachio
             ... on level 5 of the Dungeon.
             The game lasted 00:13:54 (6737 turns).

Gargoyl the Agent of Entropy (DsAK)                 Turns: 6737, Time: 00:13:55

Health: -5/61      AC: 19    Str: 15    XL:     8   Next: 38%
Magic:  12/12      EV:  6    Int: 17    God:    Lugonu [***...]
Gold:   378        SH:  0    Dex: 12    Spells: 0 memorised, 7 levels left

rFire  . . .     SeeInvis .     h - +2 hand axe (freeze)
rCold  + . .     Gourm    .     r - +0 chain mail
rNeg   . . .     Faith    .     (no shield)
rPois  .         Spirit   .     (helmet restricted)
rElec  .         Reflect  .     e - +0 cloak
rCorr  .         Harm     .     k - +0 pair of gloves (curse)
MR     .....                    (no boots)
Stlth  ..........               (no amulet)
                                g - +5 ring of protection
                                d - +3 ring of intelligence

@: lethally poisoned (-5 -> -12), flying, heavily drained
A: antennae 2, thin metallic scales 2, cold resistance 1, nightstalker 1
a: Depart the Abyss, Bend Space, Banish, Renounce Religion


You were on level 5 of the Dungeon.
You worshipped Lugonu.
Lugonu was most pleased with you.
You were hungry.

You visited 1 branch of the dungeon, and saw 6 of its levels.
You visited the Abyss 1 time.
You also visited: Sewer.

You collected 378 gold pieces.

Inventory:

Hand Weapons
 a - a +1 hand axe
 h - a +2 hand axe of freezing (weapon)
Missiles
 u - 4 tomahawks (quivered)
Armour
 e - a +0 cloak (worn)
 k - a cursed +0 pair of gloves (worn)
 r - a +0 chain mail (worn)
Jewellery
 d - a +3 ring of intelligence (left hand)
 g - a +5 ring of protection (right hand)
Wands
 t - a wand of polymorph (14/24)
Scrolls
 j - 3 scrolls of remove curse
 l - 5 scrolls of teleportation
 n - 2 scrolls of identify
 q - a scroll of fog {unknown}
Potions
 o - a potion of haste {unknown}
Books
 m - a book of Maledictions

   Spells                             Type                      Level
   a - Corona                         Hexes                        1
   b - Ensorcelled Hibernation        Hexes/Ice                    2
   c - Confuse                        Hexes                        3
   d - Tukima's Dance                 Hexes                        3
   e - Dazzling Spray                 Conjuration/Hexes            3
Comestibles
 b - 3 meat rations
 c - 3 bread rations
 f - 3 beef jerkies
 i - a slice of pizza


   Skills:
 + Level 4.6(2.0) Fighting
 + Level 5.5(2.9) Axes
 * Level 5.4(2.7) Armour
 + Level 2.6(0.2) Dodging
 * Level 6.0(3.3) Invocations


You had 7 spell levels left.
You didn't know any spells.

Dungeon Overview and Level Annotations

Branches:
Dungeon (6/15)
 Temple: D:4-7

Altars:
Fedhas
The Shining One

Annotations:
D:5 Eustachio
Abyss:1 Grinder


Innate Abilities, Weirdness & Mutations

You have a pair of antennae on your head.
You are mostly covered in thin metallic scales. (AC +3)
Your flesh is cold resistant. (rC+)
You are slightly more attuned to the shadows.


Message History

You closely miss the wight.
The wight is severely damaged.
You hit the river rat but do no damage.
Your chain mail prevents you from hitting the river rat.
* * * LOW HITPOINT WARNING * * *
You feel sick.
The river rat bites you but does no damage.
The river rat bites you.
* * * LOW HITPOINT WARNING * * *
The wight completely misses you.
The river rat bites you but does no damage.
The river rat closely misses you.
It was a potion of flight.
You feel very buoyant.
You fly up into the air.
* * * LOW HITPOINT WARNING * * *
You feel sick. The wight completely misses you.
The river rat bites you but does no damage.
The river rat bites you!
You die...

###### #..... #..... #.....
#.....
##################.....
#....r@z@..............
#.####r####...######### #.#
#.#............... #.#
#.#.##...######### #.#
#.#(##...# #.# #.#.######
########.####.#<#
#...............#
####.(.............#########


You could see Eustachio, a wight and 2 river rats.

Vanquished Creatures
  Sigmund (D:5)
  The ghost of Rrauwl the Skirmisher, an amateur MiBe of Trog (D:4)
  An ogre (D:5)
  2 big kobolds (Sewer)
  Blork the orc (D:5)
  A wight (D:6)
  A howler monkey (D:4)
  2 crimson imps (D:5)
  Crazy Yiuf (D:5)
  Terence (D:2)
  3 worker ants
  3 orc wizards
  A hound skeleton (D:5)
  A worker ant zombie (D:5)
  6 adders
  A river rat (Sewer)
  A howler monkey skeleton (D:5)
  9 oozes
  An adder zombie (D:5)
  3 adder skeletons
  4 worms
  4 dart slugs
  3 leopard geckos
  17 orcs
  4 ball pythons (Sewer)
  5 bats
  9 giant cockroaches
  10 goblins
  5 hobgoblins
  8 jackals
  12 kobolds
  3 quokkas
  4 frilled lizards
  A leopard gecko skeleton (D:5)
  16 rats
146 creatures vanquished.

Notes
Turn   | Place    | Note
-------+----------+-------------------------------------------
     0 | Abyss:1  | Gargoyl the Demonspawn Abyssal Knight began the quest for the Orb.
     0 | Abyss:1  | Reached XP level 1. HP: 18/18 MP: 2/2
   136 | Abyss:2  | Noticed a large abomination
   169 | Abyss:3  | Noticed a thrashing horror
   174 | Abyss:3  | Noticed a thrashing horror
   176 | D:1      | Escaped the Abyss
   490 | D:1      | Gained mutation: You are partially covered in thin metallic scales. (AC +2) [demonic ancestry]
   490 | D:1      | Reached XP level 2. HP: 17/24 MP: 3/3
   634 | D:1      | Reached * piety under Lugonu
  1023 | D:2      | Found a faded altar of an unknown god.
  1078 | D:2      | Reached skill level 1 in Dodging
  1124 | D:2      | Gained mutation: You have a pair of small antennae on your head. [demonic ancestry]
  1124 | D:2      | Reached XP level 3. HP: 29/29 MP: 4/4
  1563 | D:2      | Noticed Terence
  1576 | D:2      | Killed Terence
  1576 | D:2      | Reached XP level 4. HP: 15/35 MP: 6/6
  1753 | D:3      | Found a blossoming altar of Fedhas.
  1937 | D:3      | Found a glowing drain.
  1945 | D:3      | Reached skill level 3 in Invocations
  1995 | Sewer    | Entered a sewer
  2095 | Sewer    | Reached ** piety under Lugonu
  2105 | Sewer    | Noticed a big kobold
  2137 | Sewer    | Killed a big kobold
  2137 | Sewer    | Gained mutation: You are slightly more attuned to the shadows. [demonic ancestry]
  2137 | Sewer    | Reached XP level 5. HP: 24/42 MP: 7/7
  2609 | Sewer    | Reached skill level 4 in Invocations
  2609 | Sewer    | Gained mutation: You have a pair of antennae on your head. [demonic ancestry]
  2609 | Sewer    | Reached XP level 6. HP: 20/48 MP: 7/9
  3974 | D:4      | Reached *** piety under Lugonu
  4087 | D:4      | Noticed Rrauwl's ghost (amateur MiBe)
  4124 | D:4      | Killed Rrauwl's ghost
  4124 | D:4      | Gained mutation: You are mostly covered in thin metallic scales. (AC +3) [demonic ancestry]
  4124 | D:4      | Reached XP level 7. HP: 32/54 MP: 10/10
  4395 | D:4      | Reached skill level 5 in Invocations
  4804 | D:5      | Entered Level 5 of the Dungeon
  4845 | D:5      | Noticed Grinder
  4852 | D:5      | Paralysed by Grinder for 2 turns
  4857 | D:5      | Paralysed by Grinder for 5 turns
  4887 | D:5      | Banished Grinder
  5233 | D:5      | Found a glowing golden altar of the Shining One.
  5596 | D:5      | Noticed Blork the orc
  5610 | D:5      | Killed Blork the orc
  5632 | D:5      | Gained mutation: Your flesh is cold resistant. (rC+) [demonic ancestry]
  5632 | D:5      | Reached XP level 8. HP: 59/61 MP: 12/12
  5990 | D:5      | Found a runed door.
  5994 | D:5      | Noticed Crazy Yiuf
  5999 | D:5      | Killed Crazy Yiuf
  6032 | D:6      | Noticed Sigmund
  6142 | D:6      | Noticed Eustachio
  6161 | D:5      | Reached skill level 5 in Axes
  6161 | D:5      | Reached skill level 5 in Armour
  6382 | D:5      | Killed Sigmund
  6382 | D:5      | Reached skill level 6 in Invocations
  6736 | D:5      | HP: 3/61 [river rat[Eustachio] (3)]
  6737 | D:5      | Slain by a river rat

Skill      XL: |  1  2  3  4  5  6  7  8 |
---------------+-------------------------+-----
Armour         | 2 3 4 5 |  5.4
Axes           | 2 3 4 5 |  5.5
Dodging        | 1 2 |  2.6
Invocations    | 3 4 5 6 |  6.0
Fighting       | 4 |  4.6

Action                   |  1- 3 |  4- 6 |  7- 9 || total
-------------------------+-------+-------+-------++-------
Melee: Hand axe          |   113 |   335 |   216 ||   664
Invok: Depart the Abyss  |     1 |       |       ||     1
       Banish            |       |       |     1 ||     1
  Use: Scroll            |     2 |     5 |     1 ||     8
       Potion            |     1 |     4 |     5 ||    10
 Stab: Sleeping          |       |     2 |     1 ||     3
  Eat: Chunk             |     2 |     5 |     4 ||    11
       Bread ration      |       |     1 |     1 ||     2
Armor: Leather armour    |    21 |       |       ||    21
       Ring mail         |    30 |   152 |    86 ||   268
       Chain mail        |       |       |   111 ||   111
Dodge: Dodged            |    76 |   182 |   122 ||   380
